 Dungeon Crawl Stone Soup version 0.30-a0-596-g0af90f9a20 (webtiles) character file.

Game seed: 14413401579314171265

70694 drugrobin the Black Belt (level 14, -12/177 HPs)
             Began as a Demigod Delver on Jan 6, 2023.
             Mangled by Zoap's ghost (26 damage)
             ... on level 1 of the Orcish Mines.
             The game lasted 01:50:20 (30838 turns).

drugrobin the Black Belt (Demigod Delver)          Turns: 30838, Time: 01:50:21

Health: -12/177    AC:  7    Str: 17    XL:     14   Next: 53%
Magic:  20/24      EV: 20    Int: 20    God:
Gold:   1173       SH:  4    Dex: 19    Spells: 2/21 levels left

rFire   . . .      SeeInvis .      - Unarmed
rCold   . . .      Faith    .    Q - +0 buckler
rNeg    . . .      Spirit   .    P - +0 leather armour of Terror {Slay+6}
rPois   .          Reflect  .    h - +0 helmet
rElec   +          Harm     .    g - +0 cloak of the Gloaming {Rampage rElec Regen+ Stlth+}
rCorr   .          Rampage  +    C - +0 pair of gloves
Will    +....                    N - +0 pair of boots Stlth
                                 (no amulet)
HPRegen 1.29/turn                e - ring of flight
MPRegen 0.19/turn                y - +5 ring of evasion

@: mighty, berserking, flying, very slightly contaminated, very quick
A: high MP 1, forlorn, divine attributes
a: no special abilities


You were on level 1 of the Orcish Mines.
You visited 3 branches of the dungeon, and saw 19 of its levels.
You also visited: Sewer.

You collected 2633 gold pieces.
You spent 1460 gold pieces at shops.

Inventory:

Hand Weapons
 m - a +2 whip of venom
 K - the +2 morningstar of Destiny {flame, rN++ rCorr MP+9 Dex-2}
   (You found it on level 12 of the Dungeon)

   Dex:       It affects your dexterity (-2).
   rN:        It greatly protects you from negative energy.
   MP:        It affects your magic capacity (+9).
   rCorr:     It protects you from acid and corrosion.
Missiles
 d - 7 javelins
 k - a throwing net
 u - 7 boomerangs (quivered)
 B - 33 poisoned darts
Armour
 g - the +0 cloak of the Gloaming (worn) {Rampage rElec Regen+ Stlth+}
   (You bought it in a shop on level 4 of the Dungeon)

   rElec:     It insulates you from electricity.
   Regen:     It increases your rate of health regeneration.
   Rampage:   It bestows one free step when moving towards enemies.
   Stlth:     It makes you more stealthy.
 h - a +0 helmet (worn)
 i - a +2 robe of cold resistance
 C - a +0 pair of gloves (worn)
 L - the +2 leather armour of the Hairy Slorg {rF+ Will+}
   (You found it on level 12 of the Dungeon)

   rF:        It protects you from fire.
   Will:      It increases your willpower.
 N - a +0 pair of boots (worn)
 P - the +0 leather armour of Terror (worn) {Slay+6}
   (You bought it in a shop on level 2 of the Orcish Mines)

   Slay:      It affects your accuracy & damage with ranged weapons and melee
   (+6).
 Q - a +0 buckler (worn)
Jewellery
 e - a ring of flight (left hand)
 y - a +5 ring of evasion (right hand)
Wands
 f - a wand of acid (4)
 q - a wand of flame (3)
 J - a wand of polymorph (6)
 R - a wand of paralysis (1)
 U - a wand of roots (1)
Scrolls
 a - a scroll of vulnerability
 j - 2 scrolls of butterflies
 l - 3 scrolls of fog
 t - 2 scrolls of poison
 v - 13 scrolls of teleportation
 D - a scroll of identify
 F - a scroll of magic mapping
 M - 2 scrolls of immolation
 O - a scroll of silence
Potions
 c - a potion of ambrosia
 n - a potion of heal wounds
 o - a potion of berserk rage
 p - 2 potions of haste
 r - 7 potions of curing
 s - a potion of might
 z - 7 potions of attraction
 A - 4 potions of cancellation
 E - a potion of lignification
 G - 4 potions of resistance
 H - 4 potions of mutation
 I - 5 potions of brilliance
Miscellaneous
 w - a phantom mirror
 x - a condenser vane


   Skills:
 - Level 9.3 Fighting
 * Level 6.6 Dodging
 - Level 4.5 Stealth
 + Level 18.2 Unarmed Combat
 - Level 4.0 Spellcasting
 * Level 9.4 Conjurations
 - Level 6.0 Fire Magic
 - Level 4.0 Evocations


You had 2 spell levels left.
You knew the following spells:

 Your Spells              Type           Power      Damage    Failure   Level
a - Foxfire               Conj/Fire      100%       2x1d9     1%          1
b - Summon Small Mammal   Summ           16%        N/A       22%         1
c - Stone Arrow           Conj/Erth      44%        3d9       10%         3
d - Fireball              Conj/Fire      17%        3d9       26%         5
e - Sting                 Tmut/Pois      16%        1d3       22%         1
f - Call Canine Familiar  Summ           4%         N/A       54%         3
g - Iskenderun's Battles  Conj           41%        2d9       13%         5

Your spell library contained the following spells:

 Spells                   Type           Power      Damage    Failure   Level
 Sandblast                Erth           8%         2d5       22%         1
 Passwall                 Tmut/Erth      3%         N/A       32%         2
 Poisonous Vapours        Pois/Air       8%         N/A       32%         2
 Sublimation of Blood     Necr           4%         N/A       32%         2
 Summon Guardian Golem    Hex/Summ       4%         N/A       54%         3
 Irradiate                Conj/Tmut      11%        3d15      65%         5
 Starburst                Conj/Fire      17%        6d6       80%         6
 Animate Dead             Necr           4%         N/A       91%         4
 Olgreb's Toxic Radiance  Pois           4%         N/A       91%         4
 Petrify                  Tmut/Erth      4%         N/A       91%         4
 Summon Ice Beast         Ice/Summ       4%         N/A       91%         4
 Orb of Destruction       Conj           20%        9d8       98%         7
 Borgnjor's Vile Clutch   Necr/Erth      2%         N/A       99%         5
 Summon Mana Viper        Hex/Summ       4%         N/A       99%         5
 Yara's Violent Unravell  Hex/Tmut       2%         3d3       99%         5
 Conjure Ball Lightning   Conj/Air       11%        3x3d6     99%         6
 Death Channel            Necr           2%         N/A       100%        6
 Enfeeble                 Hex            2%         N/A       100%        7
 Monstrous Menagerie      Summ           2%         N/A       100%        7


Dungeon Overview and Level Annotations

Branches:
Dungeon (12/15)            Temple (0/1) D:5            Lair (5/5) D:10
 Shoals (0/4) Lair:2        Snake (0/4) Lair:3        Slime (0/5) Lair:4
    Orc (2/2) D:11            Elf (0/3) Orc:2         Sewer (visited)

Shops:
D:4 [:[!   D:5 *   D:8 (   D:9 (   D:10 *   Orc:2 **([

Annotations:
Orc:1 1 transporter, Zoap's ghost, journeyman MiBe


Innate Abilities, Weirdness & Mutations

You have an increased reservoir of magic. (+10% MP)
You shall have no god before yourself.
Your divine heritage dramatically boosts your attributes as you level up.


Message History

Unknown command.
Unknown command.
You barely miss the warg.
The warg is almost dead.
The warg completely misses you. The warg closely misses you.
The warg misses you. The warg closely misses you. x2
Unknown command.
Unknown command.
Unknown command.
Unknown command.
As you read the scroll of fear, it crumbles to dust.
You assume a fearsome visage.
The warg is unaffected. x2
The warg looks frightened!
Zoap's ghost is unaffected.
The warg looks frightened! x2; The moth of wrath looks frightened!
The warg is unaffected.
The warg resists with some effort.
The warg bites you but does no damage. The warg misses you.
The warg closely misses you. The warg barely misses you.
You block the warg's attack. The warg bites you!!
* * * LOW HITPOINT WARNING * * *
Zoap's ghost hits you.
* * * LOW HITPOINT WARNING * * *
Zoap's ghost burns you.
* * * LOW HITPOINT WARNING * * *
The warg bites you!
* * * LOW HITPOINT WARNING * * *
The warg misses you.
Unknown command.
Unknown command.
Unknown command.
Okay, then.
Unknown command.
Unknown command.
Unknown command.
A red film seems to cover your vision as you go berserk!
You feel yourself moving faster!
You feel mighty! The warg completely misses you. The warg closely misses you.
You block the warg's attack. The warg closely misses you. The warg bites you.
* * * LOW HITPOINT WARNING * * *
The warg misses you. Zoap's ghost hits you!!
You die...

####....#....o..###
##.#.......#####...##
#........###...###..#
##......)#.......##.#
##........#...#y#.$#.#
#.........#...#.#.h#.#
##.......##.#....$##.# ###
#.......#.#.hh#.?#..## ###.#
##......# #@h=:#©..#####....
#......##...hW#h#....##......
#......©#.#...#"##...........
#......##.h##.#. #........#..
##.....#...#...#.#....#......
#....#.##....#..##...^.#.#...
##.......##..©...#...#.#####..
#.....##..#####.##.#.#.###.##.
##..#####.....###...........#.


You could see a moth of wrath (fleeing), 7 wargs and Zoap's ghost.

Vanquished Creatures
  An orc warlord (Orc:1)
  An ettin (Orc:2)
  4 hydras
  An ice dragon (Lair:5)
  An ogre mage (D:10)
  A boulder beetle (D:10)
  A catoblepas (Lair:2)
  5 two-headed ogres
  10 death yaks
  2 orc high priests
  Urug (Lair:1)
  2 fire crabs (Lair:4)
  2 lindwurms (Lair:5)
  5 orc knights
  4 orc sorcerers
  A deep elf pyromancer (D:10)
  2 ugly things
  A manticore (Lair:4)
  12 elephants
  2 cyclopes (D:10)
  4 black mambas
  7 torpor snails (Lair:5)
  A merfolk siren (Lair:2)
  Maggie (D:8)
  9 komodo dragons
  3 rime drakes
  An unseen horror (D:11)
  18 cane toads
  2 kobold demonologists (D:10)
  A meliai (shapeshifter) (D:10)
  2 polar bears
  8 trolls
  9 hornets
  3 tyrant leeches (Lair:5)
  7 saltlings (Orc:2)
  Grinder (D:3)
  9 blink frogs
  2 dream sheep (Lair:5)
  A centaur simulacrum (D:10)
  5 slime creatures
  3 shadows
  A spriggan (Lair:2)
  A vampire (D:10)
  2 wraiths
  21 yaks
  16 wyverns
  A steam dragon (D:10)
  11 vampire mosquitoes
  6 basilisks
  Edmund (D:6)
  2 wargs
  21 water moccasins
  3 nagas (Lair:3)
  An acid dragon (D:9)
  3 sky beasts
  2 ice beasts (D:7)
  17 orc warriors
  6 black bears
  10 ogres
  12 wolves
  A centaur (D:10)
  A phantom (D:6)
  4 kobold brigands
  A necrophage (D:6)
  4 bullfrogs
  5 scorpions
  5 wights
  13 killer bees
  2 nameless horrors
  2 howler monkeys
  4 electric eels
  4 lava snakes (Lair:3)
  3 hounds
  2 jellies
  Crazy Yiuf (D:3)
  13 orc priests
  9 iguanas
  15 orc wizards
  7 hell rats (Lair:4)
  Robin (D:3)
  4 gnolls (D:4)
  10 adders
  8 river rats
  2 ufetubi
  6 worms
  2 dart slugs
  50 orcs
  13 bats
  13 endoplasms
  6 giant cockroaches
  10 hobgoblins
  10 jackals
  2 quokkas (Sewer)
  13 ball pythons
  3 frilled lizards
  13 goblins
  25 kobolds
  6 rats
586 creatures vanquished.

Vanquished Creatures (collateral kills)
  7 foxfires
7 creatures vanquished.

Vanquished Creatures (others)
  731 foxfires
  31 fungi
  6 pillars of salt (Orc:2)
  84 plants
  4 toadstools (D:4)
856 creatures vanquished.

Grand Total: 1449 creatures vanquished

Notes
Turn   | Place    | Note
-------+----------+-------------------------------------------
     0 | D:5      | drugrobin the Demigod Delver began the quest for the Orb.
     0 | D:5      | Reached XP level 1. HP: 18/18 MP: 3/3
    46 | D:5      | Reached skill level 2 in Unarmed Combat
   112 | D:5      | Reached XP level 2. HP: 21/25 MP: 4/4
   157 | D:4      | Noticed a torpor snail
   157 | D:4      | Noticed a torpor snail
   157 | D:4      | Noticed a torpor snail
   160 | D:4      | Found Enemoff's Book Boutique.
   166 | D:4      | Noticed a scorpion
   169 | D:4      | Found Foaqun's Armour Boutique.
   172 | D:4      | Noticed a black bear
   246 | D:4      | Reached skill level 3 in Unarmed Combat
   391 | D:3      | Noticed Robin
   424 | D:3      | Reached XP level 3. HP: 26/30 MP: 5/5
   444 | D:3      | Killed Robin
  1026 | D:2      | Reached skill level 4 in Unarmed Combat
  1138 | D:2      | Reached XP level 4. HP: 37/37 MP: 6/6
  2617 | D:3      | Found a runed translucent door.
  2618 | D:3      | Noticed Crazy Yiuf
  2876 | D:3      | Noticed Grinder
  2876 | D:3      | Paralysed by Grinder for 3 turns
  2957 | D:3      | Killed Grinder
  2958 | D:3      | Reached XP level 5. HP: 44/46 MP: 7/7
  2958 | D:3      | Reached XP level 6. HP: 50/52 MP: 8/8
  3134 | D:3      | Killed Crazy Yiuf
  3217 | D:4      | Found Noojas's Distillery.
  3330 | D:4      | Bought 2 potions of curing for 78 gold pieces
  3330 | D:4      | Bought a potion of attraction for 39 gold pieces
  3666 | D:4      | Found Icucw's Antique Armour Boutique.
  4176 | D:5      | Noticed a water moccasin
  4198 | D:5      | Killed a water moccasin
  4199 | D:5      | Reached skill level 5 in Fighting
  4199 | D:5      | Reached XP level 7. HP: 53/61 MP: 9/9
  4250 | D:5      | Reached skill level 5 in Unarmed Combat
  4259 | D:5      | Found Kutoge's General Store.
  4262 | D:5      | Bought a scroll of identify for 24 gold pieces
  5337 | D:5      | Reached skill level 6 in Unarmed Combat
  5465 | D:5      | Found a staircase to the Ecumenical Temple.
  5759 | D:6      | Found a glowing drain.
  5795 | D:6      | Reached XP level 8. HP: 48/70 MP: 10/10
  5822 | Sewer    | Entered a sewer
  6634 | D:6      | Reached skill level 7 in Unarmed Combat
  7335 | D:6      | Reached skill level 8 in Unarmed Combat
  7663 | D:6      | Noticed Edmund
  7854 | D:6      | Killed Edmund
  7982 | D:6      | Reached skill level 9 in Unarmed Combat
  8729 | D:7      | Reached XP level 9. HP: 62/75 MP: 11/11
  8985 | D:4      | Bought the +0 cloak of the Gloaming {Rampage rElec Regen+
                  | Stlth+} for 255 gold pieces
  9200 | D:7      | Reached skill level 10 in Unarmed Combat
 10121 | D:7      | Learned a level 1 spell: Foxfire
 10123 | D:7      | Learned a level 1 spell: Summon Small Mammal
 10346 | D:8      | Found Fionyrhi's Antique Weapon Emporium.
 10391 | D:8      | Noticed Maggie
 10543 | D:8      | Reached skill level 1 in Conjurations
 10543 | D:8      | Reached skill level 1 in Fire Magic
 11011 | D:9      | Found Moec's Weapon Emporium.
 11056 | D:9      | Reached skill level 11 in Unarmed Combat
 11404 | D:9      | Noticed a two-headed ogre
 11831 | D:9      | Paralysed by a hornet for 1 turns
 11834 | D:9      | Paralysed by a hornet for 2 turns
 11980 | D:10     | Entered Level 10 of the Dungeon
 12170 | D:10     | Noticed a two-headed ogre
 12186 | D:10     | Killed a two-headed ogre
 12187 | D:10     | Reached XP level 10. HP: 83/83 MP: 13/13
 12251 | D:10     | Noticed a cyclops
 12253 | D:10     | Noticed a cyclops
 12506 | D:10     | Reached skill level 12 in Unarmed Combat
 12519 | D:10     | Noticed a smoke demon
 12521 | D:10     | Noticed a sixfirhy
 12624 | D:10     | Found Nomosut's General Store.
 12631 | D:10     | Bought a potion of resistance for 140 gold pieces
 12631 | D:10     | Bought a scroll of immolation for 56 gold pieces
 12780 | D:10     | Found a staircase to the Lair.
 12780 | D:10     | Noticed an elephant
 13099 | D:10     | Reached skill level 13 in Unarmed Combat
 13134 | D:10     | Noticed a boulder beetle
 13150 | D:10     | Killed a boulder beetle
 13176 | D:10     | Noticed a six-headed hydra
 13183 | D:10     | Noticed an ogre mage
 13329 | D:10     | Noticed a deep elf pyromancer
 13378 | D:10     | Killed a cyclops
 13397 | D:10     | Killed a cyclops
 13421 | D:11     | Noticed a two-headed ogre
 13432 | D:11     | Killed a two-headed ogre
 13433 | D:11     | Reached skill level 14 in Unarmed Combat
 13433 | D:11     | Reached XP level 11. HP: 77/89 MP: 14/14
 14110 | D:11     | Learned a level 3 spell: Stone Arrow
 14183 | D:11     | Reached skill level 15 in Unarmed Combat
 14409 | D:11     | Found a staircase to the Orcish Mines.
 14539 | D:10     | Killed a deep elf pyromancer
 14691 | D:10     | Reached skill level 1 in Spellcasting
 14712 | D:10     | Learned a level 5 spell: Fireball
 14754 | D:10     | Killed a six-headed hydra
 15256 | Lair:1   | Entered Level 1 of the Lair of Beasts
 15294 | Lair:1   | Noticed a five-headed hydra
 15323 | Lair:1   | Learned a level 1 spell: Sting
 15876 | Lair:1   | Noticed Urug
 15903 | Lair:1   | Killed Urug
 15914 | Lair:1   | HP: 6/136 [poisoned by a cane toad]
 16462 | Lair:1   | Noticed a death yak
 16462 | Lair:1   | Noticed a death yak
 16462 | Lair:1   | Noticed a death yak
 16493 | Lair:1   | Noticed a death yak
 16500 | Lair:1   | Noticed a death yak
 16678 | D:10     | Killed a death yak
 16679 | D:10     | Reached XP level 12. HP: 29/97 MP: 13/18
 16950 | D:12     | Identified the +2 morningstar of Destiny {flame, rN++ rCorr
                  | MP+9 Dex-2}
 16954 | D:12     | Identified the +2 leather armour of the Hairy Slorg {rF+
                  | Will+}
 17272 | D:12     | Noticed a war gargoyle
 17947 | Orc:1    | Entered Level 1 of the Orcish Mines
 18202 | Orc:1    | Found a transporter.
 18205 | Orc:1    | Noticed Zoap's ghost (journeyman MiBe)
 18414 | Orc:1    | Found a transporter.
 18519 | Orc:2    | Entered Level 2 of the Orcish Mines
 18530 | Orc:1    | Reached skill level 16 in Unarmed Combat
 18941 | Orc:2    | Reached skill level 5 in Fire Magic
 18972 | Orc:2    | Reached skill level 5 in Conjurations
 19148 | Orc:2    | Noticed an ettin
 19166 | Orc:2    | Killed an ettin
 19313 | Orc:2    | Noticed an orc warlord
 19811 | Orc:2    | Found a staircase to the Elven Halls.
 20125 | Orc:1    | Killed an orc warlord
 20368 | Orc:2    | Found Ditecay's Antique Weapon Shoppe.
 21208 | Orc:2    | Found Ypted's Armour Boutique.
 21313 | Orc:2    | Found Muj Cedd's General Store.
 21315 | Orc:2    | Found Iriuqom's General Store.
 21320 | Orc:2    | Bought a scroll of teleportation for 48 gold pieces
 21320 | Orc:2    | Bought a potion of berserk rage for 80 gold pieces
 21320 | Orc:2    | Bought a scroll of identify for 32 gold pieces
 21320 | Orc:2    | Bought a throwing net for 48 gold pieces
 21324 | Orc:2    | Bought a potion of curing for 42 gold pieces
 21324 | Orc:2    | Bought the +0 leather armour of Terror {Slay+6} for 478
                  | gold pieces
 21324 | Orc:2    | Bought a scroll of identify for 28 gold pieces
 21324 | Orc:2    | Bought a potion of mutation for 112 gold pieces
 21725 | Orc:1    | Paralysed by an orc sorcerer for 3 turns
 21730 | Orc:1    | Reached XP level 13. HP: 79/104 MP: 0/20
 22119 | D:9      | Learned a level 3 spell: Call Canine Familiar
 22508 | Lair:1   | Reached skill level 17 in Unarmed Combat
 22631 | Lair:1   | You are sucked into a shaft and drop 1 floor!
 22922 | Lair:2   | Found a staircase to the Shoals.
 24256 | Lair:3   | Found a staircase to the Snake Pit.
 25643 | Lair:4   | Found a staircase to the Slime Pits.
 26062 | Lair:4   | HP: 5/104 [hell rat (3)]
 26792 | Lair:4   | Learned a level 5 spell: Iskenderun's Battlesphere
 27313 | Lair:4   | Reached XP level 14. HP: 118/118 MP: 19/24
 27386 | Lair:5   | Entered Level 5 of the Lair of Beasts
 27989 | Lair:5   | Reached skill level 18 in Unarmed Combat
 28074 | Lair:5   | Reached skill level 5 in Dodging
 29155 | Lair:5   | Found a runed translucent door.
 29483 | Lair:5   | Paralysed by a hornet for 2 turns
 29862 | Lair:5   | Paralysed by a hornet for 2 turns
 30257 | D:8      | Killed Maggie
 30838 | Orc:1    | Mangled by Zoap's ghost

Illustrated notes

Levels and vault maps discovered:
D:1:      co_arrival_random_square_maze, layout_loops_ring
D:2:      layout_loops_corners, st_stairs_7
D:3:      layout_basic, lemuel_round_altar, chequers_serial_rivers_marsh,
          uniq_grinder, uniq_robin, uniq_crazy_yiuf_cottage
D:4:      layout_loops_ring, cheibriados_altar_2, serial_shops,
          nicolae_shop_stone, nicolae_shop_waterfront, nicolae_shop_stone,
          nicolae_stop_n_shop_1, minmay_gold_behind_fungi, minivault_25
D:5:      layout_layer_cave, marbit_many_paths, minmay_temple_entry_tees,
          serial_shops, kennysheep_mini_moat
D:6:      layout_basic, portal_sewer_entry_a, st_stairs_4, uniq_edmund
D:7:      layout_layer_cave, lemuel_round_altar
D:8:      layout_basic, okawaru_ov_weapons_minmay, serial_shops,
          nicolae_shop_stone, uniq_maggie
D:9:      layout_gridville, serial_shops, nicolae_shop_bloodbath_and_beyond,
          palyth_stone_intersect
D:10:     hangedman_cross_veins, layout_gridville,
          chequers_temple_overflow_minitemple, nicolae_overflow_hidden_temple,
          david_lair_generic, serial_shops, nicolae_shop_crystal,
          serial_co_window_serial, co_window_paths_b,
          co_window_of_opportunity_a, co_window_corner_a, co_window_corner_a,
          co_window_corner_a, co_window_paths_c, co_window_unsneaky_path_b,
          co_window_broadway_a, co_window_2corner, co_window_paths_e,
          glass_columns_b, glass_columns_c, glass_columns_a, glass_columns_b
D:11:     layout_basic, orc_0_dummy
D:12:     layout_roguey, onia_ninara_dug_in_and_dangerous
Lair:1:   beast_lair_carwin_large_3, layout_regular_city, serial_rivers,
          chequers_serial_rivers_micro_c, chequers_serial_rivers_micro_c,
          chequers_serial_rivers_small_a, chequers_serial_rivers_large_b,
          chequers_serial_rivers_micro_a, chequers_serial_rivers_marsh,
          st_stairs_6, uniq_urug
Lair:2:   layout_loops_ring, minmay_shoals_entry_lonely_mermaid,
          grunt_forest_stairs_clearing
Lair:3:   layout_loops_ring, nicolae_snake_entry_squirm,
          nicolae_lair_liquid_snakes
Lair:4:   nzn_winding_woodlands_cross [nzn_winding_woodlands_5x15_pool,
          nzn_winding_woodlands_5x15_sawtooth,
          nzn_winding_woodlands_5x15_longhouse,
          nzn_winding_woodlands_5x15_garden,
          nzn_winding_woodlands_15x15_boxy_spiral], layout_small_grid,
          minmay_slime_entry_pillars, special_room [special_room_mythical_zoo]
Lair:5:   wormcave, layout_regular_city, serial_bayou_shore_a
Orc:1:    layout_caves, gammafunk_ghost_berserking_beasts
Orc:2:    hellmonk_orc_salted, layout_diamond_mine, basic_altar

Skill      XL: |  1  2  3  4  5  6  7  8  9 10 11 12 13 14 |
---------------+-------------------------------------------+-----
Unarmed Combat | 2 3 4 6 9 11 14 15 16 17 18 | 18.2
Fighting       | 3 5 6 8 9 |  9.3
Evocations     | 2 4 |  4.0
Conjurations   | 2 3 4 6 7 9 |  9.4
Fire Magic     | 2 3 4 6 |  6.0
Spellcasting   | 2 4 |  4.0
Dodging        | 3 6 |  6.6
Stealth        | |  4.5

Action                   |  1- 3 |  4- 6 |  7- 9 | 10-12 | 13-15 || total
-------------------------+-------+-------+-------+-------+-------++-------
Melee: Unarmed           |    93 |       |   443 |   739 |   582 ||  1857
       Punch             |     7 |    13 |    26 |    75 |    12 ||   133
       Short sword       |    32 |   247 |    61 |       |       ||   340
       Quarterstaff      |       |       |     1 |       |       ||     1
       Whip              |       |       |       |    10 |       ||    10
Throw: Boomerang         |       |     2 |    59 |    14 |     5 ||    80
       Dart              |       |       |    38 |    26 |     2 ||    66
       Throwing net      |       |       |       |       |     1 ||     1
 Cast: Foxfire           |       |       |    29 |   170 |   257 ||   456
       Summon Small Mamm |       |       |     4 |    18 |     3 ||    25
       Stone Arrow       |       |       |       |    65 |    57 ||   122
       Sting             |       |       |       |    18 |     9 ||    27
       Fireball          |       |       |       |     2 |    27 ||    29
       Call Canine Famil |       |       |       |       |     7 ||     7
       Iskenderun's Batt |       |       |       |       |     1 ||     1
Evoke: Wand              |     4 |     9 |    20 |    28 |     1 ||    62
       Phantom mirror    |       |       |       |     1 |     1 ||     2
  Use: Potion            |     1 |       |       |     3 |     5 ||     9
       Scroll            |       |       |     8 |     4 |    12 ||    24
 Stab: Sleeping          |     4 |       |       |     4 |     3 ||    11
       Distracted        |     2 |       |       |     2 |     1 ||     5
       Paralysed         |       |       |       |     3 |       ||     3
       Held in net/web   |       |       |       |       |     1 ||     1
Armor: Leather armour    |    17 |       |     4 |    38 |    66 ||   125
       Chain mail        |    14 |   122 |   193 |       |       ||   329
       Acid dragon scale |       |       |    16 |    84 |       ||   100
       Skin              |       |       |       |     1 |       ||     1
       Robe              |       |       |       |       |     5 ||     5
Dodge: Dodged            |    53 |    69 |   163 |   481 |   314 ||  1080
Block: Buckler           |       |       |       |       |    60 ||    60

Table legend: (Time is in decaauts)
 A = Elapsed time spent in this place.
 B = Non-inter-level travel time spent in this place.
 C = Inter-level travel time spent in this place.
 D = Time resting spent in this place.
 E = Time spent auto-exploring this place.
 F = Levels seen in this place.
 G = Mean time per level.
                   A        B        C        D        E       F      G
               +--------+--------+--------+--------+--------+-----+--------+
         Total |  30371 |  28117 |   2254 |   3165 |  17408 |  20 | 1518.6 |
       Dungeon |  16966 |  15331 |   1635 |   1813 |   9317 |  12 | 1413.8 |
          Lair |   8894 |   8455 |    439 |    736 |   5670 |   5 | 1778.8 |
  Orcish Mines |   3838 |   3658 |    180 |    616 |   1969 |   2 | 1919.0 |
         Sewer |    672 |    672 |      0 |      0 |    451 |   1 |  672.0 |
               +--------+--------+--------+--------+--------+-----+--------+

Top non-repeatable levels by time:
    D:10: 2678 daAuts
   Orc:2: 2461 daAuts
  Lair:5: 2409 daAuts
  Lair:4: 2138 daAuts
     D:5: 1979 daAuts
  Lair:1: 1917 daAuts
     D:9: 1730 daAuts
     D:6: 1726 daAuts
     D:4: 1380 daAuts
   Orc:1: 1376 daAuts
     D:7: 1350 daAuts
     D:3: 1317 daAuts
    D:11: 1315 daAuts
  Lair:3: 1273 daAuts
  Lair:2: 1154 daAuts
